 Dungeon Crawl Stone Soup version 0.30-a0-1035-g38d5fb2972 (webtiles) character file.

Game seed: 14579414363069205631

2 cheesebisquit the Caller (level 1, 0/13 HPs)
             Began as a Merfolk Summoner on Apr 8, 2023.
             Constricted to death by a ball python (1 damage)
             ... on level 1 of the Dungeon.
             The game lasted 00:00:51 (34 turns).

cheesebisquit the Caller (Merfolk Summoner)           Turns: 34, Time: 00:00:52

Health: 0/13       AC:  2    Str:  8    XL:     1   Next: 30%
Magic:  2/3        EV:  9    Int: 14    God:
Gold:   0          SH:  0    Dex: 14    Spells: 3/4 levels left

rFire   . . .      SeeInvis .    (no weapon)
rCold   . . .      Faith    .    (no shield)
rNeg    . . .      Spirit   .    a - +0 robe
rPois   .          Reflect  .    (no helmet)
rElec   .          Rampage  .    (no cloak)
rCorr   .                        (no gloves)
Will    .....                    (no boots)
Stlth   ++                       (no amulet)
HPRegen 0.22/turn                (no ring)
MPRegen 0.08/turn                (no ring)

@: constricted
A: (nimble swimmer 2), mertail
a: no special abilities


You were on level 1 of the Dungeon.
You visited 1 branch of the dungeon, and saw 1 of its levels.

Inventory:

Armour
 a - a +0 robe (worn)
Scrolls
 c - a scroll of noise {unknown}
Potions
 b - a potion of magic


   Skills:
 - Level 2.6 Dodging
 - Level 2.1 Stealth
 + Level 2.0 Spellcasting
 + Level 4.0 Summonings


You had 3 spell levels left.
You knew the following spells:

 Your Spells              Type           Power      Damage    Failure   Level
a - Summon Small Mammal   Summ           48%        N/A       4%          1

Your spell library contained the following spells:

 Spells                   Type           Power      Damage    Failure   Level
 Call Imp                 Summ           24%        N/A       7%          2
 Call Canine Familiar     Summ           12%        N/A       14%         3
 Summon Guardian Golem    Hex/Summ       7%         N/A       30%         3
 Summon Lightning Spire   Summ/Air       7%         N/A       71%         4


Dungeon Overview and Level Annotations

Branches:
Dungeon (1/15)

Altars:


Innate Abilities, Weirdness & Mutations

((You are very nimble when in or above water. (Stealth+, EV+, Speed+++)))
Your lower body shifts to a powerful aquatic tail in water.


Message History

c - a scroll labelled PESSA CYKHLOGO You open the door.
There is an open door here.
A rat comes into view.
Your quokka bites the rat!
The rat dies!
Magic restored.
You swap places.
A kobold and a goblin come into view.
The goblin shouts!
You hear a shout!
You hear an angry hiss.
A goblin comes into view. It is wielding a +0 club.
A dart slug and a ball python come into view.
The kobold closely misses your quokka. The goblin hits you with a +0 club.
Found 12 gold pieces.
Your quokka bites the kobold.
The kobold dies!
The ball python closely misses your quokka.
The ball python grabs your quokka. The ball python constricts your quokka.
The goblin barely misses you.
You closely miss the goblin.
Your quokka closely misses the ball python.
The ball python bites your quokka. The ball python constricts your quokka.
The goblin barely misses you.
You miss the goblin.
Your quokka barely misses the ball python.
The ball python completely misses your quokka.
The ball python constricts your quokka. The dart slug launches a dart at you.
The slug dart hits your quokka.
Your quokka dies!
Your quokka's corpse disappears in a puff of smoke!
The goblin hits you with a +0 club. The goblin hits you with a +0 club. x2
You hit the ball python.
The ball python is moderately wounded.
The ball python bites you. The ball python grabs you.
The ball python constricts you. The goblin hits you with a +0 club.
* * * LOW HITPOINT WARNING * * *
The goblin barely misses you. The ball python barely misses you.
The ball python constricts you.
You die...

.# # .# .## #. $.
#..... #. .##....
#.. ..#...#
#.###w§...# #.#
#...gS#...# ##.##
#.g@#...# #...#
#.#r#...# #...#
#......# ##...##
###.##.##
####..⌠..#
#.##..###.........
#.##..'.....⌠.<.⌠.
#.##.####.........
#.##.. ####..⌠..#
#.#### ##...##


You could see a dart slug, 2 goblins, a ball python (ally target) and a friendly
rat (summoned).

Vanquished Creatures (collateral kills)
  A kobold (D:1)
  A rat (D:1)
2 creatures vanquished.

Notes
Turn   | Place    | Note
-------+----------+-------------------------------------------
     0 | D:1      | cheesebisquit the Merfolk Summoner began the quest for the
                  | Orb.
     0 | D:1      | Reached XP level 1. HP: 13/13 MP: 3/3
    34 | D:1      | Constricted to death by a ball python

Illustrated notes

Levels and vault maps discovered:
D:1:      evilmike_arrival_plus, layout_basic, dreamdust_mushroom_princess,
          minmay_tetromino_t4

Action                     || total
---------------------------++-------
  Melee: Unarmed           ||     3
   Cast: Summon Small Mamm ||     2
  Dodge: Dodged            ||     4

Table legend: (Time is in decaauts)
 A = Elapsed time spent in this place.
 B = Non-inter-level travel time spent in this place.
 C = Inter-level travel time spent in this place.
 D = Time resting spent in this place.
 E = Time spent auto-exploring this place.
 F = Levels seen in this place.
 G = Mean time per level.
                   A        B        C        D        E       F      G
               +--------+--------+--------+--------+--------+-----+--------+
         Total |     34 |     34 |      0 |      0 |     18 |   1 |   34.0 |
       Dungeon |     34 |     34 |      0 |      0 |     18 |   1 |   34.0 |
               +--------+--------+--------+--------+--------+-----+--------+

Top non-repeatable levels by time:
     D:1: 34 daAuts
